cohdb
Replays
Latest Replays
All Replays
Popular Replays
Top Player Replays
Match Explorer
How It Works
Community
CoH3 Stats
Reddit
Sign in to upload your games and track your stats! →
Sign in with Steam
Match 40194254
Unlisted
Match 40194254
Overview
Messages
Build Orders
End
Scout Squad
Construct Weapon Support Center
M1919 Machine Gun Team
M1919 Machine Gun Team
Selects Heavy Weapons
Selects Heavy Weapons
Scout Squad
Infantry Support Center
Engineer Squad
Bazooka Squad
Construct Medical Station
Selects Assault Carriers
M3 Assault Carrier
Selects M2HB .50cal Heavy Machine Gun
Selects Exchangeable Parts
Construct Motor Pool
M1919 Machine Gun Team
Engineer Squad
M24 Chaffee Light Tank
M1919 Machine Gun Team
M1 Anti-tank Gun Team
Construct Barracks
M1 Mortar Team
M1 Mortar Team
Selects M26 Pershing Heavy Tank
M26 Pershing Heavy Tank
.30 cal Machine Gun
M24 Chaffee Light Tank
nonono
XuZhongwei
0
0
Comments
sign in to comment!
No comments posted yet!